Love the whiz

Match 13297070
End
Selects Italian Combined Arms Battlegroup
Selects Bersaglieri Squad
Bersaglieri Squad
Panzergrenadier Squad
250 Light Carrier
Panzergrenadier Squad
Construct Light Support Kompanie
Fire Support Elements
Flakvierling Half-track
Selects Vehicle Support - Secure Location
Pak 38 Mechanized Group
Selects Breda Model 30 Light Machine Guns
Pak 38 Anti-tank Gun Team
Grenade Package
Pak 38 Anti-tank Gun Team
Panzerjäger Mechanized Group
Selects Semovente da 75/18 Assault Gun
Construct Panzerarmee Kommand
Selects Strafing Run
Strafing Run
Panzer III L Medium Tank
Selects Artillery Cover
Panzer III L Medium Tank
Strafing Run
Assault Mechanized Group
① Janko ★
Dirkradix
JLODGE
WilllTHENOOBz
0
0

Comments sign in to comment!

WilllTHENOOBz [U] almost 2 years ago

A few rare games! they normally beat me xD